Map: Dusty Gorge

Players

PureLegacy - Winner!

  • Race: Terran Terran
  • Spawn Location: 9:00

ADOIFHlTLER - Winner!

  • Race: Terran Terran
  • League: Master
  • Spawn Location: 11:00

EruptioN

  • Race: Terran Terran
  • Spawn Location: 5:00

llllllllllll

  • Race: Terran Terran
  • Spawn Location: 3:00

VOD

Have the link to the VOD?

Description

Time

  • Played on: Nov. 22, 2018, 11:17 a.m.
  • Length: 6:06
Show
View Real Time Build Order
Export as new Build Order

PureLegacy Terran - Winner!

Build Orders:  

Get SALT Encoding   

  12  0:02  SCV  
  13  0:14  SCV  
  13  0:18  Supply Depot  
  14  0:26  SCV  
  15  0:30  Refinery  
  15  0:40  SCV  
  16  0:47  Barracks  
  16  0:52  SCV  
  17  1:05  Barracks  
  17  1:18  Barracks  
  17  1:23  SCV  
  18  1:35  Reaper  
  19  1:41  Orbital Command  
  19  1:50  Refinery  
  19  1:52  Reaper  
  20  2:00  Supply Depot  
  20  2:05  Reaper  
  21  2:11  Reaper  
  21  2:14  SCV  
  22  2:24  Reaper  
  22  2:26  SCV  
  24  2:37  Reaper  
  24  2:42  Supply Depot  
  24  2:43  Reaper  
  25  2:48  SCV  
  26  2:56  Reaper  
  27  3:09  Reaper  
  28  3:17  SCV  
  29  3:21  Reaper  
  29  3:24  Command Center  
  28  3:29  SCV  
  28  3:32  Reaper  
  30  3:51  SCV  
  29  3:55  Barracks Reactor  
  29  3:56  Barracks Tech Lab  
  29  3:59  Factory  
  28  4:03  SCV  
  28  4:08  Barracks Reactor  
  29  4:15  SCV  
  30  4:18  Marine  
  30  4:22  Command Center  
  31  4:34  Marine x2  
  31  4:35  SCV  
  31  4:37  Engineering Bay  
  34  4:46  Orbital Command  
  34  4:50  SCV  
  35  4:55  Starport  
  35  4:56  Factory Reactor  
  35  5:04  Marine x2  
  37  5:11  Marine  
  37  5:12  Marine x2  
  40  5:15  SCV  
  40  5:16  SCV  
  40  5:18  Missile Turret  
  42  5:22  Missile Turret  
  38  5:31  SCV  
  38  5:32  SCV  
  40  5:36  Marine x5  
  45  5:47  SCV x2  
Show
View Real Time Build Order
Export as new Build Order

ADOIFHlTLER Terran - Winner!

Build Orders: 1/1/1, Banshee Rush 

Get SALT Encoding   

  12  0:01  SCV  
  13  0:13  SCV  
  14  0:18  Supply Depot  
  14  0:25  SCV  
  15  0:40  SCV  
  15  0:41  Barracks  
  16  0:46  Refinery  
  16  0:52  SCV  
  16  0:56  Refinery  
  17  1:04  SCV  
  18  1:16  SCV  
  19  1:28  Marine  
  19  1:29  Orbital Command  
  20  1:42  Factory  
  20  1:53  Supply Depot  
  20  1:55  SCV  
  20  1:56  Marine  
  22  2:07  SCV  
  23  2:19  SCV  
  24  2:26  Starport  
  24  2:27  Hellion, Barracks Tech Lab  
  25  2:48  Command Center  
  25  2:51  SCV  
  25  2:55  Barracks Reactor  
  26  3:07  Cloaking Field  
  26  3:08  Banshee  
  26  3:11  SCV  
  29  3:14  Factory Tech Lab  
  29  3:22  Supply Depot  
  29  3:23  SCV  
  30  3:31  Marine  
  31  3:43  Marine, SCV  
  33  3:49  Marine  
  33  3:51  Banshee  
  37  3:56  SCV  
  37  3:59  Siege Tank  
  37  4:00  Orbital Command  
  37  4:01  Marine  
  42  4:07  Marine  
  42  4:08  SCV  
  42  4:20  SCV  
  43  4:28  Command Center  
  43  4:29  SCV  
  44  4:34  Raven  
  44  4:35  Marine  
  47  4:39  SCV  
  47  4:42  SCV  
  49  4:46  Supply Depot, Marine  
  49  4:51  SCV  
  51  4:56  Siege Tank  
  54  5:08  SCV x2  
  54  5:14  Refinery x2  
  53  5:20  SCV x2  
  52  5:29  Starport Reactor  
  52  5:32  SCV x2  
  54  5:39  Engineering Bay x2  
  51  5:44  SCV  
  51  5:46  SCV  
  50  6:05  Barracks  
Show
View Real Time Build Order
Export as new Build Order

EruptioN Terran 

Build Orders: Reaper Expand 

Get SALT Encoding   

  12  0:01  SCV  
  13  0:13  SCV  
  14  0:18  Supply Depot  
  14  0:25  SCV  
  15  0:39  SCV  
  15  0:41  Barracks  
  16  0:46  Refinery  
  16  0:52  SCV  
  17  1:04  SCV  
  18  1:16  SCV  
  19  1:29  Orbital Command  
  19  1:30  Reaper  
  20  1:42  Command Center  
  20  1:54  SCV  
  20  1:55  Supply Depot  
  21  2:02  Marine  
  21  2:03  Refinery  
  21  2:07  SCV  
  23  2:15  Factory  
  23  2:20  SCV  
  24  2:24  Barracks Reactor  
  24  2:39  SCV  
  24  2:46  Barracks  
  24  2:51  SCV  
  24  2:55  Orbital Command  
  25  2:59  Factory Tech Lab  
  25  3:00  Marine x2  
  27  3:05  SCV  
  28  3:19  Marine x2  
  29  3:21  SCV x2  
  29  3:22  Siege Tank  
  34  3:34  Barracks Tech Lab  
  34  3:36  SCV  
  34  3:37  Engineering Bay  
  34  3:41  Marine x2  
  37  3:42  SCV  
  38  3:49  SCV  
  38  3:55  Stimpack  
  41  3:59  Siege Tank  
  46  4:03  Supply Depot  
  46  4:07  SCV  
  43  4:12  SCV  
  43  4:13  Starport  
  43  4:14  Refinery, Marine x2  
  46  4:17  Supply Depot  
  46  4:22  Missile Turret  
  46  4:25  Marine, SCV x2  
  49  4:31  Cyclone  
  49  4:33  Marine  
  53  4:40  Missile Turret  
  53  4:41  SCV  
  53  4:45  Marine x2  
  54  4:53  Viking  
  54  4:54  SCV  
  57  5:00  Marine  
  57  5:02  Marine  
  59  5:11  SCV x2  
  59  5:12  Marine  
  62  5:22  Marine  
  62  5:26  Supply Depot, SCV  
  61  5:32  Supply Depot  
  61  5:33  Supply Depot  
  61  5:34  SCV  
  62  5:36  Widow Mine  
  62  5:38  Marine x2  
  62  5:39  Starport Reactor  
  66  5:47  SCV x2  
Show
View Real Time Build Order
Export as new Build Order

llllllllllll Terran 

Build Orders: Gas First Reaper Expand 

Get SALT Encoding   

  12  0:00  SCV  
  13  0:13  SCV  
  14  0:18  Supply Depot  
  14  0:25  SCV  
  15  0:30  Refinery  
  15  0:39  SCV  
  16  0:46  Barracks  
  16  0:52  SCV  
  17  1:04  SCV  
  18  1:16  SCV  
  19  1:33  Reaper, Orbital Command  
  20  1:47  Command Center  
  20  1:58  SCV  
  21  2:04  Factory  
  21  2:08  Barracks Reactor  
  21  2:10  SCV  
  22  2:22  SCV  
  22  2:25  Refinery  
  22  2:26  Supply Depot  
  23  2:48  SCV  
  24  2:52  Starport  
  24  2:56  Hellion  
  24  2:57  Supply Depot, Hellion  
  24  2:58  Marine  
  28  3:00  SCV  
  30  3:09  SCV  
  30  3:12  SCV  
  29  3:24  SCV  
  29  3:25  Hellion x2  
  35  3:27  Barracks Tech Lab  
  34  3:35  Orbital Command  
  31  3:52  Hellion, SCV  
  32  4:00  Banshee  
  35  4:04  SCV  
  35  4:05  Cloaking Field  
  35  4:08  SCV  
  37  4:10  Barracks Tech Lab  
  37  4:16  SCV  
  38  4:20  SCV  
  39  4:28  SCV  
  37  4:33  SCV  
  36  4:40  SCV  
  36  4:43  Raven  
  36  4:45  SCV  
  39  4:50  Cyclone  
  39  4:52  SCV  
  40  4:57  SCV  
  40  5:04  SCV  
  39  5:09  SCV  
  33  5:16  SCV  
  33  5:19  Marine x2  
  36  5:21  SCV  
  40  5:28  SCV  
  40  5:33  SCV  
  42  5:40  SCV  
  42  5:42  Command Center  
  43  5:45  SCV  
  44  5:53  SCV  
Tags
 
Add a new tag
Caveats
  • Supply blocks, unpowered buildings, or Contaminate may cause inaccurate times.
  • Supply counts are checked every 10 seconds.